cohdb
Replays
Latest Replays
All Replays
Popular Replays
Top Player Replays
Match Explorer
How It Works
Community
CoH3 Stats
Reddit
Sign in to upload your games and track your stats! →
Sign in with Steam
Match 45945434
Unlisted
Match 45945434
Overview
Messages
Build Orders
End
Pioneer Squad
Construct Infanterie Kompanie
Selects Terror Battlegroup
Selects Machine Gun Camouflage
MG 42 Machine Gun Team
Grenadier Squad
Grenadier Squad
GrW 34 Mortar Team
Construct Luftwaffe Kompanie
Selects Contempt for the Weak
Medical Station
221 Scout Car
Flak 30 Anti-aircraft Gun Team
MG 42 Machine Gun Team
Support Elements
Selects Propaganda Leaflet Drop
Wirbelwind Flakpanzer
Jäger Squad
Wirbelwind Flakpanzer
Propaganda Leaflet Drop
Marder III M Tank Destroyer
✠Kaiser✠ tushkan
FeriG
0
0
Comments
sign in to comment!
No comments posted yet!